Workbook

Sheet 封面
A1: 計畫編號:115SBIR-OO
A4: 115年度金門縣「地方產業創新研發推動計畫」(地方型SBIR)
B5: ▓期中會計報告 □結案會計報告
B7: (請輸入計畫名稱)
D8: 公司名稱：
E9: 公 司 章
H10: 負責 人章
B13: ▓期中資料期間：民國115年07月01日至115年10月31日 □結案資料期間：民國115年07月01日至116年03月31日
B15: 本公司具結本執行工作報告所填報資料皆屬實，如有不實或虛報，願負一切法律責任
A17: 公司負責人: | D17: 計畫主持人: | H17: 主辦會計: | K17: 填表人：
K18: （蓋章或簽名並註明日期）

Sheet 計畫經費彙總表
A1: 115年度金門縣「地方產業創新研發推動計畫」(地方型SBIR)
A2: 計畫經費彙總表
A3: 計畫編號：115SBIR-OO
A4: =封面!B13 -> ▓期中資料期間：民國115年07月01日至115年10月31日 □結案資料期間：民國115年07月01日至116年03月31日
A5: 公司名稱： | G5: 計畫名稱： | O5: 單位：元
N6: 結案時填列
B7: 全程預算數 | E7: 115/07-115/10實支數 | H7: 115/11-116/03實支數 | K7: 累計實支數 | N7: 累計至全程計畫動支率 | O7: 結餘數 (繳款數)
A8: 預算科目 | B8: 補助款 | C8: 自籌款 | D8: 小計 | E8: 補助款 | F8: 自籌款 | G8: 小計 | H8: 補助款 | I8: 自籌款 | J8: 小計 | K8: 補助款 | L8: 自籌款 | M8: 小計
A9: 1. 人事費 | D9: =SUM(B9:C9) -> 0 | E9: =IF(G9>D9,B9-E9,ROUNDDOWN(G9/D9*B9,0)) -> #DIV/0! | F9: =G9-E9 -> #DIV/0! | K9: =IF(J9+G9>D9,B9-E9,ROUNDDOWN(M9*B9/D9,0)) -> #VALUE! | L9: =M9-K9 -> #VALUE! | M9: =G9+J9 -> 0 | N9: =IF(B9=0,0,K9/B9) -> #VALUE! | O9: =SUM(K9-B9) -> #VALUE!
A10: 2. 材料費 | D10: =SUM(B10:C10) -> 0 | E10: =IF(G10>D10,B10-E10,ROUNDDOWN(G10/D10*B10,0)) -> #DIV/0! | F10: =G10-E10 -> #DIV/0! | K10: =IF(J10+G10>D10,B10-E10,ROUNDDOWN(M10*B10/D10,0)) -> #DIV/0! | L10: =M10-K10 -> #DIV/0! | M10: =G10+J10 -> 0 | N10: =IF(B10=0,0,K10/B10) -> 0 | O10: =SUM(K10-B10) -> #DIV/0!
A11: 3. 研發設備使用及維護費 | D11: =SUM(B11:C11) -> 0 | E11: =IF(G11>D11,B11-E11,ROUNDDOWN(G11/D11*B11,0)) -> #DIV/0! | F11: =G11-E11 -> #DIV/0! | K11: =IF(J11+G11>D11,B11-E11,ROUNDDOWN(M11*B11/D11,0)) -> #DIV/0! | L11: =M11-K11 -> #DIV/0! | M11: =G11+J11 -> 0 | N11: =IF(B11=0,0,K11/B11) -> 0 | O11: =SUM(K11-B11) -> #DIV/0!
A12: 4. 技術引進及委外研究費 | D12: =SUM(B12:C12) -> 0 | E12: =IF(G12>D12,B12-E12,ROUNDDOWN(G12/D12*B12,0)) -> #DIV/0! | F12: =G12-E12 -> #DIV/0! | K12: =IF(J12+G12>D12,B12-E12,ROUNDDOWN(M12*B12/D12,0)) -> #DIV/0! | L12: =M12-K12 -> #DIV/0! | M12: =G12+J12 -> 0 | N12: =IF(B12=0,0,K12/B12) -> 0 | O12: =SUM(K12-B12) -> #DIV/0!
A13: 合 計 | B13: =SUM(B9:B12) -> 0 | C13: =SUM(C9:C12) -> 0 | D13: =SUM(D9:D12) -> 0 | E13: =SUM(E9:E12) -> #DIV/0! | F13: =SUM(F9:F12) -> #DIV/0! | G13: =SUM(G9:G12) -> 0 | H13: =SUM(H9:H12) -> 0 | I13: =SUM(I9:I12) -> 0 | ... M13: =SUM(M9:M12) -> 0 | N13: =IF(B13=0,0,K13/B13) -> 0 | O13: =SUM(O9:O12) -> #VALUE!
A14: 補助款累計撥款數 | B14: =B13*50% -> 0 | G14: ↑ | J14: ↑ | K14: ↑ | N14: 執行期間扣款數 (若無請填 0 ) | O14: 0
A15: 結報比率 | B15: =IF(B14=0,0,K13/B13) -> 0 | G15: 請輸入期中會計報告各科目合計金額 | J15: 結案階段填 | K15: 應等於（不得高於）補助款專戶累計支用數。 ê結案金額累計實支數高於全程預算數者，請依註6原則填寫。 | N15: 補助款繳庫數 (會計繳款數+ 計畫執行扣款數) | O15: 0
N16: 預算數尾款撥款數 | O16: =B13*50% -> 0
A17: 註1:本表左半部於期中填報，右側(紅色部份)於結案時加填。 | N17: 實際尾款應撥款數 (補助款結報數) | O17: =O16-O15 -> 0
A18: 註2:金額以元為單位。
A19: 註3:請填寫綠色填滿之欄位，電腦會自動編列小計。
A20: 註4:「執行期間扣款數」為因執行結果與目標嚴重不符且經審查核定之扣款金額。
A21: 註5:補助款及自籌款出現#DIV/0!之欄位請填0。
A22: 註6:結案金額累計實支數高於全程預算數者，補助款實支數欄位請填寫核定補助款金額，超出部份皆為自籌款。
A25: 公司負責人: | E25: 計畫主持人: | H25: 主辦會計: | K25: 填表人：
K26: （請蓋章或簽名並註明日期）

Sheet 人事費
A1: 115年度金門縣「地方產業創新研發推動計畫」(地方型SBIR) 人事薪資補助明細表 單位：元
B2: 計畫年月 | C2: 姓名 | D2: 職稱 | E2: 每月參與計畫時數 | F2: 投入計畫比例 | G2: 薪資 (勞保/就業保險投保薪資) | H2: 依投入比例計算之薪資 (總經費) | I2: 備註
B3: 11507 | C3: 蔡○○ | D3: 計畫主持人 | E3: =工時記錄表!AG4 -> 184 | F3: =工時記錄表!AI4 -> 1 | G3: 29500 | H3: =F3*G3 -> 29500
C4: 王○○ | D4: 研發人員 | E4: =工時記錄表!AG5 -> 184 | F4: =工時記錄表!AI5 -> 1 | G4: 29500 | H4: =F4*G4 -> 29500
C5: 林○○ | D5: 研發人員 | E5: =工時記錄表!AG6 -> 184 | F5: =工時記錄表!AI6 -> 1 | G5: 45800 | H5: =F5*G5 -> 45800
C6: 劉○○ | D6: 研發人員 | E6: =工時記錄表!AG7 -> 76 | F6: =工時記錄表!AI7 -> 0.5 | G6: 38200 | H6: =F6*G6 -> 19100
B7: 小計 | E7: =SUM(E3:E6) -> 628 | F7: =SUM(F3:F6) -> 3.5 | G7: =SUM(G3:G6) -> 143000 | H7: =SUM(H3:H6) -> 123900
B8: 11508 | C8: 蔡○○ | D8: 計畫主持人 | E8: =工時記錄表!AG9 -> 168 | F8: =工時記錄表!AI9 -> 1 | G8: 29500 | H8: =F8*G8 -> 29500
C9: 王○○ | D9: 研發人員 | E9: =工時記錄表!AG10 -> 84 | F9: =工時記錄表!AI10 -> 0.5 | G9: 29500 | H9: =F9*G9 -> 14750
C10: 林○○ | D10: 研發人員 | E10: =工時記錄表!AG11 -> 168 | F10: =工時記錄表!AI11 -> 1 | G10: 45800 | H10: =F10*G10 -> 45800
C11: 劉○○ | D11: 研發人員 | E11: =工時記錄表!AG12 -> 168 | F11: =工時記錄表!AI12 -> 1 | G11: 38200 | H11: =F11*G11 -> 38200
B12: 小計 | E12: =SUM(E8:E11) -> 588 | F12: =SUM(F8:F11) -> 3.5 | G12: =SUM(G8:G11) -> 143000 | H12: =SUM(H8:H11) -> 128250
B13: 11509 | C13: 蔡○○ | D13: 計畫主持人 | E13: =工時記錄表!AG14 -> 168 | F13: =工時記錄表!AI14 -> 1 | G13: 29500 | H13: =F13*G13 -> 29500
C14: 王○○ | D14: 研發人員 | E14: =工時記錄表!AG15 -> 168 | F14: =工時記錄表!AI15 -> 1 | G14: 29500 | H14: =F14*G14 -> 29500
C15: 林○○ | D15: 研發人員 | E15: =工時記錄表!AG16 -> 168 | F15: =工時記錄表!AI16 -> 1 | G15: 45800 | H15: =F15*G15 -> 45800
C16: 劉○○ | D16: 研發人員 | E16: =工時記錄表!AG17 -> 168 | F16: =工時記錄表!AI17 -> 1 | G16: 38200 | H16: =F16*G16 -> 38200
B17: 小計 | E17: =SUM(E13:E16) -> 672 | F17: =SUM(F13:F16) -> 4 | G17: =SUM(G13:G16) -> 143000 | H17: =SUM(H13:H16) -> 143000
B18: 11510 | C18: 蔡○○ | D18: 計畫主持人 | E18: =工時記錄表!AG19 -> 160 | F18: =工時記錄表!AI19 -> 1 | G18: 29500 | H18: =F18*G18 -> 29500
C19: 王○○ | D19: 研發人員 | E19: =工時記錄表!AG20 -> 160 | F19: =工時記錄表!AI20 -> 1 | G19: 29500 | H19: =F19*G19 -> 29500
C20: 林○○ | D20: 研發人員 | E20: =工時記錄表!AG21 -> 160 | F20: =工時記錄表!AI21 -> 1 | G20: 45800 | H20: =F20*G20 -> 45800
C21: 劉○○ | D21: 研發人員 | E21: =工時記錄表!AG22 -> 80 | F21: =工時記錄表!AI22 -> 0.5 | G21: 38200 | H21: =F21*G21 -> 19100
B22: 小計 | E22: =SUM(E18:E21) -> 560 | F22: =SUM(F18:F21) -> 3.5 | G22: =SUM(G18:G21) -> 143000 | H22: =SUM(H18:H21) -> 123900
B23: 11511 | C23: 蔡○○ | D23: 計畫主持人 | E23: =工時記錄表!AG24 -> 168 | F23: =工時記錄表!AI24 -> 1 | G23: 29500 | H23: =F23*G23 -> 29500
C24: 王○○ | D24: 研發人員 | E24: =工時記錄表!AG25 -> 84 | F24: =工時記錄表!AI25 -> 0.5 | G24: 29500 | H24: =F24*G24 -> 14750
C25: 林○○ | D25: 研發人員 | E25: =工時記錄表!AG26 -> 168 | F25: =工時記錄表!AI26 -> 1 | G25: 45800 | H25: =F25*G25 -> 45800
C26: 劉○○ | D26: 研發人員 | E26: =工時記錄表!AG27 -> 168 | F26: =工時記錄表!AI27 -> 1 | G26: 38200 | H26: =F26*G26 -> 38200
B27: 小計 | E27: =SUM(E23:E26) -> 588 | F27: =SUM(F23:F26) -> 3.5 | G27: =SUM(G23:G26) -> 143000 | H27: =SUM(H23:H26) -> 128250
B28: 11512 | C28: 蔡○○ | D28: 計畫主持人 | E28: =工時記錄表!AG29 -> 176 | F28: =工時記錄表!AI29 -> 1 | G28: 29500 | H28: =F28*G28 -> 29500
C29: 王○○ | D29: 研發人員 | E29: =工時記錄表!AG30 -> 176 | F29: =工時記錄表!AI30 -> 1 | G29: 29500 | H29: =F29*G29 -> 29500
C30: 林○○ | D30: 研發人員 | E30: =工時記錄表!AG31 -> 176 | F30: =工時記錄表!AI31 -> 1 | G30: 45800 | H30: =F30*G30 -> 45800
C31: 劉○○ | D31: 研發人員 | E31: =工時記錄表!AG32 -> 176 | F31: =工時記錄表!AI32 -> 1 | G31: 38200 | H31: =F31*G31 -> 38200
B32: 小計 | E32: =SUM(E28:E31) -> 704 | F32: =SUM(F28:F31) -> 4 | G32: =SUM(G28:G31) -> 143000 | H32: =SUM(H28:H31) -> 143000
B33: 11601 | C33: 蔡○○ | D33: 計畫主持人 | E33: =工時記錄表!AG34 -> 160 | F33: =工時記錄表!AI34 -> 1 | G33: 29500 | H33: =F33*G33 -> 29500
C34: 王○○ | D34: 研發人員 | E34: =工時記錄表!AG35 -> 0 | F34: =工時記錄表!AI35 -> 0 | G34: 29500 | H34: =F34*G34 -> 0
C35: 林○○ | D35: 研發人員 | E35: =工時記錄表!AG36 -> 160 | F35: =工時記錄表!AI36 -> 1 | G35: 45800 | H35: =F35*G35 -> 45800
C36: 劉○○ | D36: 研發人員 | E36: =工時記錄表!AG37 -> 80 | F36: =工時記錄表!AI37 -> 0.5 | G36: 38200 | H36: =F36*G36 -> 19100
B37: 小計 | E37: =SUM(E33:E36) -> 400 | F37: =SUM(F33:F36) -> 2.5 | G37: =SUM(G33:G36) -> 143000 | H37: =SUM(H33:H36) -> 94400
B38: 11602 | C38: 蔡○○ | D38: 計畫主持人 | E38: =工時記錄表!AG39 -> 120 | F38: =工時記錄表!AI39 -> 1 | G38: 29500 | H38: =F38*G38 -> 29500
C39: 王○○ | D39: 研發人員 | E39: =工時記錄表!AG40 -> 60 | F39: =工時記錄表!AI40 -> 0.5 | G39: 29500 | H39: =F39*G39 -> 14750
C40: 林○○ | D40: 研發人員 | E40: =工時記錄表!AG41 -> 60 | F40: =工時記錄表!AI41 -> 0.5 | G40: 45800 | H40: =F40*G40 -> 22900
C41: 劉○○ | D41: 研發人員 | E41: =工時記錄表!AG42 -> 60 | F41: =工時記錄表!AI42 -> 0.5 | G41: 38200 | H41: =F41*G41 -> 19100
B42: 小計 | E42: =SUM(E38:E41) -> 300 | F42: =SUM(F38:F41) -> 2.5 | G42: =SUM(G38:G41) -> 143000 | H42: =SUM(H38:H41) -> 86250
B43: 11603 | C43: 蔡○○ | D43: 計畫主持人 | E43: =工時記錄表!AG44 -> 88 | F43: =工時記錄表!AI44 -> 0.5 | G43: 29500 | H43: =F43*G43 -> 14750
C44: 王○○ | D44: 研發人員 | E44: =工時記錄表!AG45 -> 176 | F44: =工時記錄表!AI45 -> 1 | G44: 29500 | H44: =F44*G44 -> 29500
C45: 林○○ | D45: 研發人員 | E45: =工時記錄表!AG46 -> 88 | F45: =工時記錄表!AI46 -> 0.5 | G45: 45800 | H45: =F45*G45 -> 22900
C46: 劉○○ | D46: 研發人員 | E46: =工時記錄表!AG47 -> 176 | F46: =工時記錄表!AI47 -> 1 | G46: 38200 | H46: =F46*G46 -> 38200
B47: 小計 | E47: =SUM(E43:E46) -> 528 | F47: =SUM(F43:F46) -> 3 | G47: =SUM(G43:G46) -> 143000 | H47: =SUM(H43:H46) -> 105350
B48: 總計 | E48: =SUM(E3:E47)/2 -> 4968 | F48: =SUM(F3:F47)/2 -> 30 | G48: =SUM(G3:G47)/2 -> 1287000 | H48: =SUM(H3:H47)/2 -> 1076300
B49: 註1：投入比率應與工時記錄表合計當月份一致。每月投入比率以1為上限。
B50: 註2：投保薪資應符合勞工保險條例第14條規範
B51: 註3：帳務查核時應備妥下列文件備查:1.證明支付薪資金額之文件，包括：（1）薪資清冊；（2）銀行轉帳紀錄或印領清冊。2.勞保投保證明/就業保險證明。3.研究紀錄簿。4.公司差勤紀錄。5.新進或異動人員之學經歷資料。
B52: 註4：列報研發人員應與計畫書編列之研發人員一致，如有變更及待聘人員聘任請於期中/結案報告中提報核定。
B53: 註5:請填寫綠色填滿之欄位，電腦會自動編列小計。

Sheet 工時記錄表
A1: 115年度金門縣「地方產業創新研發推動計畫」(地方型SBIR) 工時記錄表
A2: 姓名 | B2: 1 | C2: 2 | D2: 3 | E2: 4 | F2: 5 | G2: 6 | H2: 7 | I2: 8 | J2: 9 | K2: 10 | L2: 11 | M2: 12 | N2: 13 | O2: 14 | P2: 15 | Q2: 16 | R2: 17 | S2: 18 | T2: 19 | U2: 20 | V2: 21 | W2: 22 | X2: 23 | Y2: 24 | Z2: 25 | AA2: 26 | AB2: 27 | AC2: 28 | AD2: 29 | AE2: 30 | AF2: 31 | AG2: 合計 | AH2: 正常工作時數 | AI2: 投入 比率
A3: 115年07月
A4: 1蔡○○ | B4: 8 | C4: 8 | D4: 8 | G4: 8 | H4: 8 | I4: 8 | J4: 8 | K4: 8 | N4: 8 | O4: 8 | P4: 8 | Q4: 8 | R4: 8 | U4: 8 | V4: 8 | W4: 8 | X4: 8 | Y4: 8 | AB4: 8 | AC4: 8 | AD4: 8 | AE4: 8 | AF4: 8 | AG4: =SUM(B4:AF4) -> 184 | AH4: =+AG4 -> 184 | AI4: =AG4/AH4 -> 1
A5: 2王○○ | B5: 8 | C5: 8 | D5: 8 | G5: 8 | H5: 8 | I5: 8 | J5: 8 | K5: 8 | N5: 8 | O5: 8 | P5: 8 | Q5: 8 | R5: 8 | U5: 8 | V5: 8 | W5: 8 | X5: 8 | Y5: 8 | AB5: 8 | AC5: 8 | AD5: 8 | AE5: 8 | AF5: 8 | AG5: =SUM(B5:AF5) -> 184 | AH5: =+AG5 -> 184 | AI5: =AG5/AH5 -> 1
A6: 3林○○ | B6: 8 | C6: 8 | D6: 8 | G6: 8 | H6: 8 | I6: 8 | J6: 8 | K6: 8 | N6: 8 | O6: 8 | P6: 8 | Q6: 8 | R6: 8 | U6: 8 | V6: 8 | W6: 8 | X6: 8 | Y6: 8 | AB6: 8 | AC6: 8 | AD6: 8 | AE6: 8 | AF6: 8 | AG6: =SUM(B6:AF6) -> 184 | AH6: =+AG6 -> 184 | AI6: =AG6/AH6 -> 1
A7: 4劉○○ | B7: 4 | C7: 4 | D7: 4 | G7: 4 | H7: 4 | I7: 4 | J7: 4 | K7: 4 | N7: 4 | O7: 4 | P7: 4 | Q7: 4 | R7: 4 | U7: 4 | V7: 4 | W7: 4 | X7: 4 | Y7: 4 | AB7: 4 | AC7: 4 | AD7: 4 | AE7: 4 | AF7: 4 | AG7: 76 | AH7: 152 | AI7: =AG7/AH7 -> 0.5
A8: 115年08月
A9: 1蔡○○ | D9: 8 | E9: 8 | F9: 8 | G9: 8 | H9: 8 | K9: 8 | L9: 8 | M9: 8 | N9: 8 | O9: 8 | R9: 8 | S9: 8 | T9: 8 | U9: 8 | V9: 8 | Y9: 8 | Z9: 8 | AA9: 8 | AB9: 8 | AC9: 8 | AF9: 8 | AG9: =SUM(B9:AF9) -> 168 | AH9: 168 | AI9: =AG9/AH9 -> 1
A10: 2王○○ | D10: 4 | E10: 4 | F10: 4 | G10: 4 | H10: 4 | K10: 4 | L10: 4 | M10: 4 | N10: 4 | O10: 4 | R10: 4 | S10: 4 | T10: 4 | U10: 4 | V10: 4 | Y10: 4 | Z10: 4 | AA10: 4 | AB10: 4 | AC10: 4 | AF10: 4 | AG10: =SUM(B10:AF10) -> 84 | AH10: 168 | AI10: =AG10/AH10 -> 0.5
A11: 3林○○ | D11: 8 | E11: 8 | F11: 8 | G11: 8 | H11: 8 | K11: 8 | L11: 8 | M11: 8 | N11: 8 | O11: 8 | R11: 8 | S11: 8 | T11: 8 | U11: 8 | V11: 8 | Y11: 8 | Z11: 8 | AA11: 8 | AB11: 8 | AC11: 8 | AF11: 8 | AG11: =SUM(B11:AF11) -> 168 | AH11: 168 | AI11: =AG11/AH11 -> 1
A12: 4劉○○ | D12: 8 | E12: 8 | F12: 8 | G12: 8 | H12: 8 | K12: 8 | L12: 8 | M12: 8 | N12: 8 | O12: 8 | R12: 8 | S12: 8 | T12: 8 | U12: 8 | V12: 8 | Y12: 8 | Z12: 8 | AA12: 8 | AB12: 8 | AC12: 8 | AF12: 8 | AG12: =SUM(B12:AF12) -> 168 | AH12: 168 | AI12: =AG12/AH12 -> 1
A13: 115年09月
A14: 1蔡○○ | B14: 8 | C14: 8 | D14: 8 | E14: 8 | H14: 8 | I14: 8 | J14: 8 | K14: 8 | L14: 8 | O14: 8 | P14: 8 | Q14: 8 | R14: 8 | S14: 8 | V14: 8 | W14: 8 | X14: 8 | Y14: 8 | AD14: 8 | AE14: 8 | AF14: 8 | AG14: =SUM(B14:AF14) -> 168 | AH14: 168 | AI14: =AG14/AH14 -> 1
A15: 2王○○ | B15: 8 | C15: 8 | D15: 8 | E15: 8 | H15: 8 | I15: 8 | J15: 8 | K15: 8 | L15: 8 | O15: 8 | P15: 8 | Q15: 8 | R15: 8 | S15: 8 | V15: 8 | W15: 8 | X15: 8 | Y15: 8 | AD15: 8 | AE15: 8 | AF15: 8 | AG15: =SUM(B15:AF15) -> 168 | AH15: 168 | AI15: =AG15/AH15 -> 1
A16: 3林○○ | B16: 8 | C16: 8 | D16: 8 | E16: 8 | H16: 8 | I16: 8 | J16: 8 | K16: 8 | L16: 8 | O16: 8 | P16: 8 | Q16: 8 | R16: 8 | S16: 8 | V16: 8 | W16: 8 | X16: 8 | Y16: 8 | AD16: 8 | AE16: 8 | AF16: 8 | AG16: =SUM(B16:AF16) -> 168 | AH16: 168 | AI16: =AG16/AH16 -> 1
A17: 4劉○○ | B17: 8 | C17: 8 | D17: 8 | E17: 8 | H17: 8 | I17: 8 | J17: 8 | K17: 8 | L17: 8 | O17: 8 | P17: 8 | Q17: 8 | R17: 8 | S17: 8 | V17: 8 | W17: 8 | X17: 8 | Y17: 8 | AD17: 8 | AE17: 8 | AF17: 8 | AG17: =SUM(B17:AF17) -> 168 | AH17: 168 | AI17: =AG17/AH17 -> 1
A18: 115年10月
A19: 1蔡○○ | B19: 8 | C19: 8 | F19: 8 | G19: 8 | H19: 8 | I19: 8 | M19: 8 | N19: 8 | O19: 8 | P19: 8 | Q19: 8 | T19: 8 | U19: 8 | V19: 8 | W19: 8 | X19: 8 | AB19: 8 | AC19: 8 | AD19: 8 | AE19: 8 | AG19: =SUM(B19:AF19) -> 160 | AH19: 160 | AI19: =AG19/AH19 -> 1
A20: 2王○○ | B20: 8 | C20: 8 | F20: 8 | G20: 8 | H20: 8 | I20: 8 | M20: 8 | N20: 8 | O20: 8 | P20: 8 | Q20: 8 | T20: 8 | U20: 8 | V20: 8 | W20: 8 | X20: 8 | AB20: 8 | AC20: 8 | AD20: 8 | AE20: 8 | AG20: =SUM(B20:AF20) -> 160 | AH20: 160 | AI20: =AG20/AH20 -> 1
A21: 3林○○ | B21: 8 | C21: 8 | F21: 8 | G21: 8 | H21: 8 | I21: 8 | M21: 8 | N21: 8 | O21: 8 | P21: 8 | Q21: 8 | T21: 8 | U21: 8 | V21: 8 | W21: 8 | X21: 8 | AB21: 8 | AC21: 8 | AD21: 8 | AE21: 8 | AG21: =SUM(B21:AF21) -> 160 | AH21: 160 | AI21: =AG21/AH21 -> 1
A22: 4劉○○ | B22: 4 | C22: 4 | F22: 4 | G22: 4 | H22: 4 | I22: 4 | M22: 4 | N22: 4 | O22: 4 | P22: 4 | Q22: 4 | T22: 4 | U22: 4 | V22: 4 | W22: 4 | X22: 4 | AB22: 4 | AC22: 4 | AD22: 4 | AE22: 4 | AG22: =SUM(B22:AF22) -> 80 | AH22: 160 | AI22: =AG22/AH22 -> 0.5
A23: 115年11月
A24: 1蔡○○ | C24: 8 | D24: 8 | E24: 8 | F24: 8 | G24: 8 | J24: 8 | K24: 8 | L24: 8 | M24: 8 | N24: 8 | Q24: 8 | R24: 8 | S24: 8 | T24: 8 | U24: 8 | X24: 8 | Y24: 8 | Z24: 8 | AA24: 8 | AB24: 8 | AE24: 8 | AG24: =SUM(B24:AF24) -> 168 | AH24: 168 | AI24: =AG24/AH24 -> 1
A25: 2王○○ | C25: 4 | D25: 4 | E25: 4 | F25: 4 | G25: 4 | J25: 4 | K25: 4 | L25: 4 | M25: 4 | N25: 4 | Q25: 4 | R25: 4 | S25: 4 | T25: 4 | U25: 4 | X25: 4 | Y25: 4 | Z25: 4 | AA25: 4 | AB25: 4 | AE25: 4 | AG25: =SUM(B25:AF25) -> 84 | AH25: 168 | AI25: =AG25/AH25 -> 0.5
A26: 3林○○ | C26: 8 | D26: 8 | E26: 8 | F26: 8 | G26: 8 | J26: 8 | K26: 8 | L26: 8 | M26: 8 | N26: 8 | Q26: 8 | R26: 8 | S26: 8 | T26: 8 | U26: 8 | X26: 8 | Y26: 8 | Z26: 8 | AA26: 8 | AB26: 8 | AE26: 8 | AG26: =SUM(B26:AF26) -> 168 | AH26: 168 | AI26: =AG26/AH26 -> 1
A27: 4劉○○ | C27: 8 | D27: 8 | E27: 8 | F27: 8 | G27: 8 | J27: 8 | K27: 8 | L27: 8 | M27: 8 | N27: 8 | Q27: 8 | R27: 8 | S27: 8 | T27: 8 | U27: 8 | X27: 8 | Y27: 8 | Z27: 8 | AA27: 8 | AB27: 8 | AE27: 8 | AG27: =SUM(B27:AF27) -> 168 | AH27: 168 | AI27: =AG27/AH27 -> 1
A28: 115年12月
A29: 1蔡○○ | B29: 8 | C29: 8 | D29: 8 | E29: 8 | H29: 8 | I29: 8 | J29: 8 | K29: 8 | L29: 8 | O29: 8 | P29: 8 | Q29: 8 | R29: 8 | S29: 8 | V29: 8 | W29: 8 | X29: 8 | Y29: 8 | AC29: 8 | AD29: 8 | AE29: 8 | AF29: 8 | AG29: =SUM(B29:AF29) -> 176 | AH29: 176 | AI29: =AG29/AH29 -> 1
A30: 2王○○ | B30: 8 | C30: 8 | D30: 8 | E30: 8 | H30: 8 | I30: 8 | J30: 8 | K30: 8 | L30: 8 | O30: 8 | P30: 8 | Q30: 8 | R30: 8 | S30: 8 | V30: 8 | W30: 8 | X30: 8 | Y30: 8 | AC30: 8 | AD30: 8 | AE30: 8 | AF30: 8 | AG30: =SUM(B30:AF30) -> 176 | AH30: 176 | AI30: =AG30/AH30 -> 1
A31: 3林○○ | B31: 8 | C31: 8 | D31: 8 | E31: 8 | H31: 8 | I31: 8 | J31: 8 | K31: 8 | L31: 8 | O31: 8 | P31: 8 | Q31: 8 | R31: 8 | S31: 8 | V31: 8 | W31: 8 | X31: 8 | Y31: 8 | AC31: 8 | AD31: 8 | AE31: 8 | AF31: 8 | AG31: =SUM(B31:AF31) -> 176 | AH31: 176 | AI31: =AG31/AH31 -> 1
A32: 4劉○○ | B32: 8 | C32: 8 | D32: 8 | E32: 8 | H32: 8 | I32: 8 | J32: 8 | K32: 8 | L32: 8 | O32: 8 | P32: 8 | Q32: 8 | R32: 8 | S32: 8 | V32: 8 | W32: 8 | X32: 8 | Y32: 8 | AC32: 8 | AD32: 8 | AE32: 8 | AF32: 8 | AG32: =SUM(B32:AF32) -> 176 | AH32: 176 | AI32: =AG32/AH32 -> 1
A33: 116年01月
A34: 1蔡○○ | E34: 8 | F34: 8 | G34: 8 | H34: 8 | I34: 8 | L34: 8 | M34: 8 | N34: 8 | O34: 8 | P34: 8 | S34: 8 | T34: 8 | U34: 8 | V34: 8 | W34: 8 | Z34: 8 | AA34: 8 | AB34: 8 | AC34: 8 | AD34: 8 | AG34: =SUM(B34:AF34) -> 160 | AH34: 160 | AI34: =AG34/AH34 -> 1
A35: 2王○○ | AG35: =SUM(B35:AF35) -> 0 | AH35: 160 | AI35: =AG35/AH35 -> 0
A36: 3林○○ | E36: 8 | F36: 8 | G36: 8 | H36: 8 | I36: 8 | L36: 8 | M36: 8 | N36: 8 | O36: 8 | P36: 8 | S36: 8 | T36: 8 | U36: 8 | V36: 8 | W36: 8 | Z36: 8 | AA36: 8 | AB36: 8 | AC36: 8 | AD36: 8 | AG36: =SUM(B36:AF36) -> 160 | AH36: 160 | AI36: =AG36/AH36 -> 1
A37: 4劉○○ | E37: 4 | F37: 4 | G37: 4 | H37: 4 | I37: 4 | L37: 4 | M37: 4 | N37: 4 | O37: 4 | P37: 4 | S37: 4 | T37: 4 | U37: 4 | V37: 4 | W37: 4 | Z37: 4 | AA37: 4 | AB37: 4 | AC37: 4 | AD37: 4 | AG37: =SUM(B37:AF37) -> 80 | AH37: 160 | AI37: =AG37/AH37 -> 0.5
A38: 116年02月
A39: 1蔡○○ | B39: 8 | C39: 8 | D39: 8 | L39: 8 | M39: 8 | P39: 8 | Q39: 8 | R39: 8 | S39: 8 | T39: 8 | W39: 8 | X39: 8 | Y39: 8 | Z39: 8 | AA39: 8 | AG39: =SUM(B39:AF39) -> 120 | AH39: 120 | AI39: =AG39/AH39 -> 1
A40: 2王○○ | B40: 4 | C40: 4 | D40: 4 | L40: 4 | M40: 4 | P40: 4 | Q40: 4 | R40: 4 | S40: 4 | T40: 4 | W40: 4 | X40: 4 | Y40: 4 | Z40: 4 | AA40: 4 | AG40: =SUM(B40:AF40) -> 60 | AH40: 120 | AI40: =AG40/AH40 -> 0.5
A41: 3林○○ | B41: 4 | C41: 4 | D41: 4 | L41: 4 | M41: 4 | P41: 4 | Q41: 4 | R41: 4 | S41: 4 | T41: 4 | W41: 4 | X41: 4 | Y41: 4 | Z41: 4 | AA41: 4 | AG41: =SUM(B41:AF41) -> 60 | AH41: 120 | AI41: =AG41/AH41 -> 0.5
A42: 4劉○○ | B42: 4 | C42: 4 | D42: 4 | L42: 4 | M42: 4 | P42: 4 | Q42: 4 | R42: 4 | S42: 4 | T42: 4 | W42: 4 | X42: 4 | Y42: 4 | Z42: 4 | AA42: 4 | AG42: =SUM(B42:AF42) -> 60 | AH42: 120 | AI42: =AG42/AH42 -> 0.5
A43: 116年03月
A44: 1蔡○○ | C44: 4 | D44: 4 | E44: 4 | F44: 4 | I44: 4 | J44: 4 | K44: 4 | L44: 4 | M44: 4 | P44: 4 | Q44: 4 | R44: 4 | S44: 4 | T44: 4 | W44: 4 | X44: 4 | Y44: 4 | Z44: 4 | AA44: 4 | AD44: 4 | AE44: 4 | AF44: 4 | AG44: =SUM(B44:AF44) -> 88 | AH44: 176 | AI44: =AG44/AH44 -> 0.5
A45: 2王○○ | C45: 8 | D45: 8 | E45: 8 | F45: 8 | I45: 8 | J45: 8 | K45: 8 | L45: 8 | M45: 8 | P45: 8 | Q45: 8 | R45: 8 | S45: 8 | T45: 8 | W45: 8 | X45: 8 | Y45: 8 | Z45: 8 | AA45: 8 | AD45: 8 | AE45: 8 | AF45: 8 | AG45: =SUM(B45:AF45) -> 176 | AH45: 176 | AI45: =AG45/AH45 -> 1
A46: 3林○○ | C46: 4 | D46: 4 | E46: 4 | F46: 4 | I46: 4 | J46: 4 | K46: 4 | L46: 4 | M46: 4 | P46: 4 | Q46: 4 | R46: 4 | S46: 4 | T46: 4 | W46: 4 | X46: 4 | Y46: 4 | Z46: 4 | AA46: 4 | AD46: 4 | AE46: 4 | AF46: 4 | AG46: =SUM(B46:AF46) -> 88 | AH46: 176 | AI46: =AG46/AH46 -> 0.5
A47: 4劉○○ | C47: 8 | D47: 8 | E47: 8 | F47: 8 | I47: 8 | J47: 8 | K47: 8 | L47: 8 | M47: 8 | P47: 8 | Q47: 8 | R47: 8 | S47: 8 | T47: 8 | W47: 8 | X47: 8 | Y47: 8 | Z47: 8 | AA47: 8 | AD47: 8 | AE47: 8 | AF47: 8 | AG47: =SUM(B47:AF47) -> 176 | AH47: 176 | AI47: =AG47/AH47 -> 1
A48: 合計 | B48: =SUM(B4:B47) -> 140 | C48: =SUM(C4:C47) -> 192 | D48: =SUM(D4:D47) -> 192 | E48: =SUM(E4:E47) -> 164 | F48: =SUM(F4:F47) -> 128 | G48: =SUM(G4:G47) -> 132 | H48: =SUM(H4:H47) -> 168 | I48: =SUM(I4:I47) -> 164 | ... AG48: =SUM(AG4:AG47) -> 4968 | AI48: =SUM(AI4:AI47) -> 30
A49: 註1.投入比率= 投入小時的合計 (以1.00、0.80小數點兩位表示)
A50: 當月正常上班總時數
A51: 註2.請假不論事由，請假時數均不得列入投入工時計算。
A52: 註3.以投保薪資核銷，加班時數不得列入投入工時計算。
A53: 註4.每月投入比率最高為1.00。
A54: 註5:請填寫綠色填滿之欄位，電腦會自動編列小計。

Sheet 材料費
A1: 115年度金門縣「地方產業創新研發推動計畫」(地方型SBIR)
A2: 材料費 單位：元
A3: 使用日期 | B3: 傳票號碼 | C3: 發票日期 (領料日期) | D3: 發票編號 (領料單號) | E3: 供應商 | F3: 發票品名 (註4) | G3: 對照計畫書所列項目 (註5) | H3: 數量 | I3: 單位 | J3: 金額 (不含營業稅) | K3: 付款憑證 | L3: 對照編號（註3）
A4: 115年07月
A5: 115.07.12 | B5: 11507005 | C5: 115.07.12 | D5: BC22001122 | E5: 00有限公司 | F5: XX | H5: 1 | I5: 盒 | J5: 3000 | K5: 零用金 | L5: 1
A6: 115.07.20 | B6: 庫存領取 | C6: 115.07.20 | D6: BB22222211 | E6: 00有限公司 | F6: XX | H6: 1 | I6: 箱 | J6: 9000 | K6: 匯款 | L6: 2
A7: 小計 | J7: =J5+J6 -> 12000
A8: 115年08月
A9: 115.08.05 | B9: 11508005 | C9: 115.08.05 | D9: AB12345678 | E9: 00有限公司 | F9: XX | G9: LED | H9: 20 | I9: 個 | J9: 18000 | K9: 零用金 | L9: 3
A10: 115.08.18 | B10: 11508025 | C10: 115.08.18 | D10: AB13145676 | E10: 00有限公司 | F10: XX | G10: 電子零件 | H10: 20 | I10: 件 | J10: 10000 | K10: CK123456 | L10: 4
A11: 小計 | J11: =J9+J10 -> 28000
A12: 115年09月
A15: 小計 | J15: =J13+J14 -> 0
A16: 115年10月
A19: 小計 | J19: =J17+J18 -> 0
A20: 115年11月
A23: 小計 | J23: =J21+J22 -> 0
A24: 115年12月
A27: 小計 | J27: =J25+J26 -> 0
A28: 116年01月
A31: 小計 | J31: =J29+J30 -> 0
A32: 116年02月
A35: 小計 | J35: =J33+J34 -> 0
A36: 116年03月
A39: 小計 | J39: =J37+J38 -> 0
A40: 合 計 | J40: =SUM(J4:J39)/2 -> 40000
A41: 註1：付款憑證應檢附影本(1)若開票，請填寫支票號碼。(本項需附支票影本與甲存對帳單，若無支票影本，請附支票簽收單)
A42: (2)若為零用金，請填寫「零用金」。(本項需附零用金支出證明單)
A43: (3)若為匯款，請填寫「匯款」。(本項需附匯款單)
A44: 註2：應檢附傳票，且會計科目為-研發費用。
A45: 註3：應檢附每筆會計憑證影本並於右上角註明'對照編號'。
A46: 註4：「發票品名」請與發票名稱一致，若為英文名稱，請括號補註(中文)表示。
A47: 註5：「對照計畫書所列項目」需與計畫書所列之材料項目一致。
A48: 註6：營業稅不得報支。
A49: 註7：帳務查核時應備妥下列文件備查:1.為專案計畫採購者應提供統一發票、收據或進口結匯單據與invoice、及內部轉帳傳票及付款憑證（如水單、信用狀、匯款單、付款支票、銀行對帳單、零用金支付清單等），足以證明之支付憑證。2.自共通性器材領料應提供：領料單、材料明細帳或分攤表。3.涉及外幣支付時應附當時之外幣匯率表。
A50: 註8：材料費進項憑證單位均需與計畫書提報之數量與單位相同。若取具進項憑證單位與原提報不同，應隨附發票貼有換算為原提報單位數量計算表，並以換算後之單位及數量填報此表。若取具進項憑證數量超出原計畫書提報之數量，應進行計畫變更。
A52: 註9：需特別注意填報實際個別材料與原提報材料項目及數量是否有差異。總額不足則無法足額核銷，數量與金額超過需提報變更，否則超過部份以自籌款支應。
A54: 註10：注意所有所有發票/收據開立日期需於計畫期間內才可核銷。
A55: 註11:請填寫綠色填滿之欄位，電腦會自動編列小計。

Sheet 設備使用費
A1: 115年度金門縣「地方產業創新研發推動計畫」(地方型SBIR)
A2: 一、設備使用費--已有設備(剩餘使用年限不等於0) 單位：元
B3: 財產編號 | C3: 設備名稱 | D3: 對照計畫書所列項目 | E3: 取得日期 | F3: 取得原價 (A1) | G3: 數量(E) | H3: 預留殘值 (B) | I3: 耐用年數 ( C ) | J3: 未折減餘額 (D) | K3: 每月攤提使用費 (A1-B)XE/(C*12) | L3: 本期投入比率 | M3: 本期使用費 | N3: 對照項目 (請打勾標出)
B4: 115年07月
B5: (1)11200015 | C5: 射出成型機 | D5: 射出成型機 | E5: 112.1.15 | F5: 1143000 | G5: 1 | H5: 143000 | I5: 7 | J5: 559000 | K5: =ROUNDDOWN((F5-H5)*G5/(I5*12),0) -> 11904 | L5: =設備使用記錄表!AK4 -> 1 | M5: =ROUNDDOWN((K5*L5),0) -> 11904 | N5: 財產目錄
B6: (2)11300033 | C6: 加工機 | D6: 加工機 | E6: 113.11.2 | F6: 810000 | G6: 1 | H6: 74000 | I6: 10 | J6: 778000 | K6: =ROUNDDOWN((F6-H6)*G6/(I6*12),0) -> 6133 | L6: =設備使用記錄表!AK5 -> 1 | M6: =ROUNDDOWN((K6*L6),0) -> 6133 | N6: 財產目錄
B7: 115年08月
B8: (1)11200015 | C8: 射出成型機 | D8: 射出成型機 | E8: 112.1.15 | F8: 1143000 | G8: 1 | H8: 143000 | I8: 7 | J8: 559000 | K8: =ROUNDDOWN((F8-H8)*G8/(I8*12),0) -> 11904 | L8: =設備使用記錄表!AK10 -> 1 | M8: =ROUNDDOWN((K8*L8),0) -> 11904 | N8: 財產目錄
B9: (2)11300033 | C9: 加工機 | D9: 加工機 | E9: 113.11.2 | F9: 810000 | G9: 1 | H9: 74000 | I9: 10 | J9: 778000 | K9: =ROUNDDOWN((F9-H9)*G9/(I9*12),0) -> 6133 | L9: =設備使用記錄表!AK11 -> 1 | M9: =ROUNDDOWN((K9*L9),0) -> 6133 | N9: 財產目錄
B10: 115年09月
B11: (1)11200015 | C11: 射出成型機 | D11: 射出成型機 | E11: 112.1.15 | F11: 1143000 | G11: 1 | H11: 143000 | I11: 7 | J11: 559000 | K11: =ROUNDDOWN((F11-H11)*G11/(I11*12),0) -> 11904 | L11: =設備使用記錄表!AK16 -> 1 | M11: =ROUNDDOWN((K11*L11),0) -> 11904 | N11: 財產目錄
B12: (2)11300033 | C12: 加工機 | D12: 加工機 | E12: 113.11.2 | F12: 810000 | G12: 1 | H12: 74000 | I12: 10 | J12: 778000 | K12: =ROUNDDOWN((F12-H12)*G12/(I12*12),0) -> 6133 | L12: =設備使用記錄表!AK17 -> 1 | M12: =ROUNDDOWN((K12*L12),0) -> 6133 | N12: 財產目錄
B13: 115年10月 | N13: 財產目錄
B14: (1)11200015 | C14: 射出成型機 | D14: 射出成型機 | E14: 112.1.15 | F14: 1143000 | G14: 1 | H14: 143000 | I14: 7 | J14: 559000 | K14: =ROUNDDOWN((F14-H14)*G14/(I14*12),0) -> 11904 | L14: =設備使用記錄表!AK22 -> 1 | M14: =ROUNDDOWN((K14*L14),0) -> 11904 | N14: 財產目錄
B15: (2)11300033 | C15: 加工機 | D15: 加工機 | E15: 113.11.2 | F15: 810000 | G15: 1 | H15: 74000 | I15: 10 | J15: 778000 | K15: =ROUNDDOWN((F15-H15)*G15/(I15*12),0) -> 6133 | L15: =設備使用記錄表!AK23 -> 1 | M15: =ROUNDDOWN((K15*L15),0) -> 6133
B16: 115年11月
B17: (1)11200015 | C17: 射出成型機 | D17: 射出成型機 | E17: 112.1.15 | F17: 1143000 | G17: 1 | H17: 143000 | I17: 7 | J17: 559000 | K17: =ROUNDDOWN((F17-H17)*G17/(I17*12),0) -> 11904 | L17: =設備使用記錄表!AK28 -> 1 | M17: =ROUNDDOWN((K17*L17),0) -> 11904 | N17: 財產目錄
B18: (2)11300033 | C18: 加工機 | D18: 加工機 | E18: 113.11.2 | F18: 810000 | G18: 1 | H18: 74000 | I18: 10 | J18: 778000 | K18: =ROUNDDOWN((F18-H18)*G18/(I18*12),0) -> 6133 | L18: =設備使用記錄表!AK29 -> 1 | M18: =ROUNDDOWN((K18*L18),0) -> 6133 | N18: 財產目錄
B19: 115年12月
B20: (1)11200015 | C20: 射出成型機 | D20: 射出成型機 | E20: 112.1.15 | F20: 1143000 | G20: 1 | H20: 143000 | I20: 7 | J20: 559000 | K20: =ROUNDDOWN((F20-H20)*G20/(I20*12),0) -> 11904 | L20: =設備使用記錄表!AK34 -> 1 | M20: =ROUNDDOWN((K20*L20),0) -> 11904 | N20: 財產目錄
B21: (2)11300033 | C21: 加工機 | D21: 加工機 | E21: 113.11.2 | F21: 810000 | G21: 1 | H21: 74000 | I21: 10 | J21: 778000 | K21: =ROUNDDOWN((F21-H21)*G21/(I21*12),0) -> 6133 | L21: =設備使用記錄表!AK35 -> 1 | M21: =ROUNDDOWN((K21*L21),0) -> 6133 | N21: 財產目錄
B22: 116年01月
B23: (1)11200015 | C23: 射出成型機 | D23: 射出成型機 | E23: 112.1.15 | F23: 1143000 | G23: 1 | H23: 143000 | I23: 7 | J23: 559000 | K23: =ROUNDDOWN((F23-H23)*G23/(I23*12),0) -> 11904 | L23: =設備使用記錄表!AK40 -> 1 | M23: =ROUNDDOWN((K23*L23),0) -> 11904 | N23: 財產目錄
B24: (2)11300033 | C24: 加工機 | D24: 加工機 | E24: 113.11.2 | F24: 810000 | G24: 1 | H24: 74000 | I24: 10 | J24: 778000 | K24: =ROUNDDOWN((F24-H24)*G24/(I24*12),0) -> 6133 | L24: =設備使用記錄表!AK41 -> 1 | M24: =ROUNDDOWN((K24*L24),0) -> 6133 | N24: 財產目錄
B25: 116年02月
B26: (1)11200015 | C26: 射出成型機 | D26: 射出成型機 | E26: 112.1.15 | F26: 1143000 | G26: 1 | H26: 143000 | I26: 7 | J26: 559000 | K26: =ROUNDDOWN((F26-H26)*G26/(I26*12),0) -> 11904 | L26: =設備使用記錄表!AK46 -> 1 | M26: =ROUNDDOWN((K26*L26),0) -> 11904 | N26: 財產目錄
B27: (2)11300033 | C27: 加工機 | D27: 加工機 | E27: 113.11.2 | F27: 810000 | G27: 1 | H27: 74000 | I27: 10 | J27: 778000 | K27: =ROUNDDOWN((F27-H27)*G27/(I27*12),0) -> 6133 | L27: =設備使用記錄表!AK47 -> 1 | M27: =ROUNDDOWN((K27*L27),0) -> 6133 | N27: 財產目錄
B28: 116年03月
B29: (1)11200015 | C29: 射出成型機 | D29: 射出成型機 | E29: 112.1.15 | F29: 1143000 | G29: 1 | H29: 143000 | I29: 7 | J29: 559000 | K29: =ROUNDDOWN((F29-H29)*G29/(I29*12),0) -> 11904 | L29: =設備使用記錄表!AK52 -> 1 | M29: =ROUNDDOWN((K29*L29),0) -> 11904 | N29: 財產目錄
B30: (2)11300033 | C30: 加工機 | D30: 加工機 | E30: 113.11.2 | F30: 810000 | G30: 1 | H30: 74000 | I30: 10 | J30: 778000 | K30: =ROUNDDOWN((F30-H30)*G30/(I30*12),0) -> 6133 | L30: =設備使用記錄表!AK53 -> 1 | M30: =ROUNDDOWN((K30*L30),0) -> 6133 | N30: 財產目錄
A31: 合 計(A) | M31: =SUM(M4:M30) -> 162333
A34: 二、設備使用費--新增設備 單位：元
B35: 財產編號 | C35: 設備名稱 | D35: 對照計畫書所列項目 | E35: 取得日期 | F35: 取得原價 (A1) | H35: 數量(E) | I35: 未折減餘額 (D) | K35: 每月攤提使用費 A1XE/60 | L35: 本期投入比率 | M35: 本期使用費 | N35: 對照編號
B36: 115年07月
B37: (1)1150701 | C37: 工業用電腦 | D37: 工業用電腦 | E37: 115.07.01 | F37: 80000 | H37: 1 | I37: 80000 | K37: =ROUNDDOWN((F37*H37/60),0) -> 1333 | L37: =設備使用記錄表!AK7 -> 1 | M37: =ROUNDDOWN((K37*L37),0) -> 1333 | N37: 1
B38: 115年08月
B39: (1)1150701 | C39: 工業用電腦 | D39: 工業用電腦 | E39: 115.07.01 | F39: 80000 | H39: 1 | I39: 80000 | K39: =ROUNDDOWN((F39*H39/60),0) -> 1333 | L39: =設備使用記錄表!AK13 -> 1 | M39: =ROUNDDOWN((K39*L39),0) -> 1333 | N39: 1
B40: 115年09月
B41: (1)1150701 | C41: 工業用電腦 | D41: 工業用電腦 | E41: 115.07.01 | F41: 80000 | H41: 1 | I41: 80000 | K41: =ROUNDDOWN((F41*H41/60),0) -> 1333 | L41: =設備使用記錄表!AK19 -> 1 | M41: =ROUNDDOWN((K41*L41),0) -> 1333 | N41: 1
B42: 115年10月
B43: (1)1150701 | C43: 工業用電腦 | D43: 工業用電腦 | E43: 115.07.01 | F43: 80000 | H43: 1 | I43: 80000 | K43: =ROUNDDOWN((F43*H43/60),0) -> 1333 | L43: =設備使用記錄表!AK25 -> 1 | M43: =ROUNDDOWN((K43*L43),0) -> 1333 | N43: 1
B44: 115年11月
B45: (1)1150701 | C45: 工業用電腦 | D45: 工業用電腦 | E45: 115.07.01 | F45: 80000 | H45: 1 | I45: 80000 | K45: =ROUNDDOWN((F45*H45/60),0) -> 1333 | L45: =設備使用記錄表!AK31 -> 1 | M45: =ROUNDDOWN((K45*L45),0) -> 1333 | N45: 1
B46: 115年12月
B47: (1)1150701 | C47: 工業用電腦 | D47: 工業用電腦 | E47: 115.07.01 | F47: 80000 | H47: 1 | I47: 80000 | K47: =ROUNDDOWN((F47*H47/60),0) -> 1333 | L47: =設備使用記錄表!AK37 -> 1 | M47: =ROUNDDOWN((K47*L47),0) -> 1333 | N47: 1
B48: 116年01月
B49: (1)1150701 | C49: 工業用電腦 | D49: 工業用電腦 | E49: 115.07.01 | F49: 80000 | H49: 1 | I49: 80000 | K49: =ROUNDDOWN((F49*H49/60),0) -> 1333 | L49: =設備使用記錄表!AK43 -> 1 | M49: =ROUNDDOWN((K49*L49),0) -> 1333 | N49: 1
B50: 116年02月
B51: (1)1150701 | C51: 工業用電腦 | D51: 工業用電腦 | E51: 115.07.01 | F51: 80000 | H51: 1 | I51: 80000 | K51: =ROUNDDOWN((F51*H51/60),0) -> 1333 | L51: =設備使用記錄表!AK49 -> 1 | M51: =ROUNDDOWN((K51*L51),0) -> 1333 | N51: 1
B52: 116年03月
B53: (1)1150701 | C53: 工業用電腦 | D53: 工業用電腦 | E53: 115.07.01 | F53: 80000 | H53: 1 | I53: 80000 | K53: =ROUNDDOWN((F53*H53/60),0) -> 1333 | L53: =設備使用記錄表!AK55 -> 1 | M53: =ROUNDDOWN((K53*L53),0) -> 1333 | N53: 1
A54: 合 計(B) | M54: =SUM(M36:M53) -> 11997
A55: 合計(A+B) | M55: =ROUNDDOWN(M31+M54,0) -> 174330
A56: 註1：「已有設備」及「計畫新增設備」之名稱應與計畫書所列相符並依上表分開填列
A57: 註2：若為新設備，付款憑證應檢附(1)若開票，請填寫支票號碼。(本項需附支票影本與甲存對帳單，若無支票影本，請附支票簽收單)
A58: (2)若為零用金，請填寫「零用金」。(本項需附零用金支出證明單)
A59: (3)若為匯款，請填寫「匯款」。(本項需附匯款單)
A60: 註3：若為新設備，應檢附發票、傳票與付款憑證。
A61: 註4：帳務查核時應備妥下列文件備查:1.統一發票或收據、進口報關結匯單據與INVOICE。2.財產目錄。3.資產負債表。4.研發設備使用記錄表。5.若為分攤，應附分攤表及原始憑證影本。6.涉及外幣支付時應附實際付款當時之外幣匯率表。
A62: 註5：以上應檢附之相關憑證應於通知帳款查核時備妥。
A63: 註6：設備名稱請與計畫書所列名稱相同。
A64: 註7：「本期投入比率」應依據設備使用記錄表實際投入比率一致。
A65: 註8：已有設備計算之每月使用費不得超過該設備帳上提列之每月折舊金額。
A66: 註9:請填寫綠色填滿之欄位，電腦會自動編列小計。

Sheet 設備使用記錄表
A1: 115年度金門縣「地方產業創新研發推動計畫」(地方型SBIR) 設備使用記錄表
A2: 財產編號 | C2: 設備名稱 | D2: 1 | E2: 2 | F2: 3 | G2: 4 | H2: 5 | I2: 6 | J2: 7 | K2: 8 | L2: 9 | M2: 10 | N2: 11 | O2: 12 | P2: 13 | Q2: 14 | R2: 15 | S2: 16 | T2: 17 | U2: 18 | V2: 19 | W2: 20 | X2: 21 | Y2: 22 | Z2: 23 | AA2: 24 | AB2: 25 | AC2: 26 | AD2: 27 | AE2: 28 | AF2: 29 | AG2: 30 | AH2: 31 | AI2: 合計 | AJ2: 正常使用時數 | AK2: 投入 比率
A3: 115年07月
B4: (1)10800015 | C4: 射出成型機 | D4: 8 | E4: 8 | F4: 8 | I4: 8 | J4: 8 | K4: 8 | L4: 8 | M4: 8 | P4: 8 | Q4: 8 | R4: 8 | S4: 8 | T4: 8 | W4: 8 | X4: 8 | Y4: 8 | Z4: 8 | AA4: 8 | AD4: 8 | AE4: 8 | AF4: 8 | AG4: 8 | AH4: 8 | AI4: =SUM(D4:AH4) -> 184 | AJ4: =+AI4 -> 184 | AK4: =+AJ4/AI4 -> 1
B5: (2)10800033 | C5: 加工機 | D5: 8 | E5: 8 | F5: 8 | I5: 8 | J5: 8 | K5: 8 | L5: 8 | M5: 8 | P5: 8 | Q5: 8 | R5: 8 | S5: 8 | T5: 8 | W5: 8 | X5: 8 | Y5: 8 | Z5: 8 | AA5: 8 | AD5: 8 | AE5: 8 | AF5: 8 | AG5: 8 | AH5: 8 | AI5: =SUM(D5:AH5) -> 184 | AJ5: =+AI5 -> 184 | AK5: =+AJ5/AI5 -> 1
A6: 新購設備
B7: (1)1120801 | C7: 工業用電腦 | D7: 8 | E7: 8 | F7: 8 | I7: 8 | J7: 8 | K7: 8 | L7: 8 | M7: 8 | P7: 8 | Q7: 8 | R7: 8 | S7: 8 | T7: 8 | W7: 8 | X7: 8 | Y7: 8 | Z7: 8 | AA7: 8 | AD7: 8 | AE7: 8 | AF7: 8 | AG7: 8 | AH7: 8 | AI7: =SUM(D7:AH7) -> 184 | AJ7: =+AI7 -> 184 | AK7: =+AJ7/AI7 -> 1
A8: 115年08月
A9: 舊有設備-剩餘年限不等於0
B10: (1)10800015 | C10: 射出成型機 | F10: 8 | G10: 8 | H10: 8 | I10: 8 | J10: 8 | M10: 8 | N10: 8 | O10: 8 | P10: 8 | Q10: 8 | T10: 8 | U10: 8 | V10: 8 | W10: 8 | X10: 8 | AA10: 8 | AB10: 8 | AC10: 8 | AD10: 8 | AE10: 8 | AH10: 8 | AI10: =SUM(D10:AH10) -> 168 | AJ10: =+AI10 -> 168 | AK10: =+AJ10/AI10 -> 1
B11: (2)10800033 | C11: 加工機 | F11: 8 | G11: 8 | H11: 8 | I11: 8 | J11: 8 | M11: 8 | N11: 8 | O11: 8 | P11: 8 | Q11: 8 | T11: 8 | U11: 8 | V11: 8 | W11: 8 | X11: 8 | AA11: 8 | AB11: 8 | AC11: 8 | AD11: 8 | AE11: 8 | AH11: 8 | AI11: =SUM(D11:AH11) -> 168 | AJ11: =+AI11 -> 168 | AK11: =+AJ11/AI11 -> 1
A12: 新購設備
B13: (1)1120801 | C13: 工業用電腦 | F13: 8 | G13: 8 | H13: 8 | I13: 8 | J13: 8 | M13: 8 | N13: 8 | O13: 8 | P13: 8 | Q13: 8 | T13: 8 | U13: 8 | V13: 8 | W13: 8 | X13: 8 | AA13: 8 | AB13: 8 | AC13: 8 | AD13: 8 | AE13: 8 | AH13: 8 | AI13: =SUM(D13:AH13) -> 168 | AJ13: =+AI13 -> 168 | AK13: =+AJ13/AI13 -> 1
A14: 115年09月
A15: 舊有設備-剩餘年限不等於0
B16: (1)10800015 | C16: 射出成型機 | D16: 8 | E16: 8 | F16: 8 | G16: 8 | J16: 8 | K16: 8 | L16: 8 | M16: 8 | N16: 8 | Q16: 8 | R16: 8 | S16: 8 | T16: 8 | U16: 8 | X16: 8 | Y16: 8 | Z16: 8 | AA16: 8 | AF16: 8 | AG16: 8 | AH16: 8 | AI16: =SUM(D16:AH16) -> 168 | AJ16: =+AI16 -> 168 | AK16: =+AJ16/AI16 -> 1
B17: (2)10800033 | C17: 加工機 | D17: 8 | E17: 8 | F17: 8 | G17: 8 | J17: 8 | K17: 8 | L17: 8 | M17: 8 | N17: 8 | Q17: 8 | R17: 8 | S17: 8 | T17: 8 | U17: 8 | X17: 8 | Y17: 8 | Z17: 8 | AA17: 8 | AF17: 8 | AG17: 8 | AH17: 8 | AI17: =SUM(D17:AH17) -> 168 | AJ17: =+AI17 -> 168 | AK17: =+AJ17/AI17 -> 1
A18: 新購設備
B19: (1)1120801 | C19: 工業用電腦 | D19: 8 | E19: 8 | F19: 8 | G19: 8 | J19: 8 | K19: 8 | L19: 8 | M19: 8 | N19: 8 | Q19: 8 | R19: 8 | S19: 8 | T19: 8 | U19: 8 | X19: 8 | Y19: 8 | Z19: 8 | AA19: 8 | AF19: 8 | AG19: 8 | AH19: 8 | AI19: =SUM(D19:AH19) -> 168 | AJ19: =+AI19 -> 168 | AK19: =+AJ19/AI19 -> 1
A20: 115年10月
A21: 舊有設備-剩餘年限不等於0
B22: (1)10800015 | C22: 射出成型機 | D22: 8 | E22: 8 | H22: 8 | I22: 8 | J22: 8 | K22: 8 | O22: 8 | P22: 8 | Q22: 8 | R22: 8 | S22: 8 | V22: 8 | W22: 8 | X22: 8 | Y22: 8 | Z22: 8 | AD22: 8 | AE22: 8 | AF22: 8 | AG22: 8 | AI22: =SUM(D22:AH22) -> 160 | AJ22: =+AI22 -> 160 | AK22: =+AJ22/AI22 -> 1
B23: (2)10800033 | C23: 加工機 | D23: 8 | E23: 8 | H23: 8 | I23: 8 | J23: 8 | K23: 8 | O23: 8 | P23: 8 | Q23: 8 | R23: 8 | S23: 8 | V23: 8 | W23: 8 | X23: 8 | Y23: 8 | Z23: 8 | AD23: 8 | AE23: 8 | AF23: 8 | AG23: 8 | AI23: =SUM(D23:AH23) -> 160 | AJ23: =+AI23 -> 160 | AK23: =+AJ23/AI23 -> 1
A24: 新購設備
B25: (1)1120801 | C25: 工業用電腦 | D25: 8 | E25: 8 | H25: 8 | I25: 8 | J25: 8 | K25: 8 | O25: 8 | P25: 8 | Q25: 8 | R25: 8 | S25: 8 | V25: 8 | W25: 8 | X25: 8 | Y25: 8 | Z25: 8 | AD25: 8 | AE25: 8 | AF25: 8 | AG25: 8 | AI25: =SUM(D25:AH25) -> 160 | AJ25: =+AI25 -> 160 | AK25: =+AJ25/AI25 -> 1
A26: 115年11月
A27: 舊有設備-剩餘年限不等於0
B28: (1)10800015 | C28: 射出成型機 | E28: 8 | F28: 8 | G28: 8 | H28: 8 | I28: 8 | L28: 8 | M28: 8 | N28: 8 | O28: 8 | P28: 8 | S28: 8 | T28: 8 | U28: 8 | V28: 8 | W28: 8 | Z28: 8 | AA28: 8 | AB28: 8 | AC28: 8 | AD28: 8 | AG28: 8 | AI28: =SUM(D28:AH28) -> 168 | AJ28: =+AI28 -> 168 | AK28: =+AJ28/AI28 -> 1
B29: (2)10800033 | C29: 加工機 | E29: 8 | F29: 8 | G29: 8 | H29: 8 | I29: 8 | L29: 8 | M29: 8 | N29: 8 | O29: 8 | P29: 8 | S29: 8 | T29: 8 | U29: 8 | V29: 8 | W29: 8 | Z29: 8 | AA29: 8 | AB29: 8 | AC29: 8 | AD29: 8 | AG29: 8 | AI29: =SUM(D29:AH29) -> 168 | AJ29: =+AI29 -> 168 | AK29: =+AJ29/AI29 -> 1
A30: 新購設備
B31: (1)1120801 | C31: 工業用電腦 | E31: 8 | F31: 8 | G31: 8 | H31: 8 | I31: 8 | L31: 8 | M31: 8 | N31: 8 | O31: 8 | P31: 8 | S31: 8 | T31: 8 | U31: 8 | V31: 8 | W31: 8 | Z31: 8 | AA31: 8 | AB31: 8 | AC31: 8 | AD31: 8 | AG31: 8 | AI31: =SUM(D31:AH31) -> 168 | AJ31: =+AI31 -> 168 | AK31: =+AJ31/AI31 -> 1
A32: 115年12月
A33: 舊有設備-剩餘年限不等於0
B34: (1)10800015 | C34: 射出成型機 | D34: 8 | E34: 8 | F34: 8 | G34: 8 | J34: 8 | K34: 8 | L34: 8 | M34: 8 | N34: 8 | Q34: 8 | R34: 8 | S34: 8 | T34: 8 | U34: 8 | X34: 8 | Y34: 8 | Z34: 8 | AA34: 8 | AE34: 8 | AF34: 8 | AG34: 8 | AH34: 8 | AI34: =SUM(D34:AH34) -> 176 | AJ34: =+AI34 -> 176 | AK34: =+AJ34/AI34 -> 1
B35: (2)10800033 | C35: 加工機 | D35: 8 | E35: 8 | F35: 8 | G35: 8 | J35: 8 | K35: 8 | L35: 8 | M35: 8 | N35: 8 | Q35: 8 | R35: 8 | S35: 8 | T35: 8 | U35: 8 | X35: 8 | Y35: 8 | Z35: 8 | AA35: 8 | AE35: 8 | AF35: 8 | AG35: 8 | AH35: 8 | AI35: =SUM(D35:AH35) -> 176 | AJ35: =+AI35 -> 176 | AK35: =+AJ35/AI35 -> 1
A36: 新購設備
B37: (1)1120801 | C37: 工業用電腦 | D37: 8 | E37: 8 | F37: 8 | G37: 8 | J37: 8 | K37: 8 | L37: 8 | M37: 8 | N37: 8 | Q37: 8 | R37: 8 | S37: 8 | T37: 8 | U37: 8 | X37: 8 | Y37: 8 | Z37: 8 | AA37: 8 | AE37: 8 | AF37: 8 | AG37: 8 | AH37: 8 | AI37: =SUM(D37:AH37) -> 176 | AJ37: =+AI37 -> 176 | AK37: =+AJ37/AI37 -> 1
A38: 116年01月
A39: 舊有設備-剩餘年限不等於0
B40: (1)10800015 | C40: 射出成型機 | G40: 8 | H40: 8 | I40: 8 | J40: 8 | K40: 8 | N40: 8 | O40: 8 | P40: 8 | Q40: 8 | R40: 8 | U40: 8 | V40: 8 | W40: 8 | X40: 8 | Y40: 8 | AB40: 8 | AC40: 8 | AD40: 8 | AE40: 8 | AF40: 8 | AI40: =SUM(D40:AH40) -> 160 | AJ40: =+AI40 -> 160 | AK40: =+AJ40/AI40 -> 1
B41: (2)10800033 | C41: 加工機 | G41: 8 | H41: 8 | I41: 8 | J41: 8 | K41: 8 | N41: 8 | O41: 8 | P41: 8 | Q41: 8 | R41: 8 | U41: 8 | V41: 8 | W41: 8 | X41: 8 | Y41: 8 | AB41: 8 | AC41: 8 | AD41: 8 | AE41: 8 | AF41: 8 | AI41: =SUM(D41:AH41) -> 160 | AJ41: =+AI41 -> 160 | AK41: =+AJ41/AI41 -> 1
A42: 新購設備
B43: (1)1120801 | C43: 工業用電腦 | G43: 8 | H43: 8 | I43: 8 | J43: 8 | K43: 8 | N43: 8 | O43: 8 | P43: 8 | Q43: 8 | R43: 8 | U43: 8 | V43: 8 | W43: 8 | X43: 8 | Y43: 8 | AB43: 8 | AC43: 8 | AD43: 8 | AE43: 8 | AF43: 8 | AI43: =SUM(D43:AH43) -> 160 | AJ43: =+AI43 -> 160 | AK43: =+AJ43/AI43 -> 1
A44: 116年02月
A45: 舊有設備-剩餘年限不等於0
B46: (1)10800015 | C46: 射出成型機 | D46: 8 | E46: 8 | F46: 8 | N46: 8 | O46: 8 | R46: 8 | S46: 8 | T46: 8 | U46: 8 | V46: 8 | Y46: 8 | Z46: 8 | AA46: 8 | AB46: 8 | AC46: 8 | AI46: =SUM(D46:AH46) -> 120 | AJ46: =+AI46 -> 120 | AK46: =+AJ46/AI46 -> 1
B47: (2)10800033 | C47: 加工機 | D47: 8 | E47: 8 | F47: 8 | N47: 8 | O47: 8 | R47: 8 | S47: 8 | T47: 8 | U47: 8 | V47: 8 | Y47: 8 | Z47: 8 | AA47: 8 | AB47: 8 | AC47: 8 | AI47: =SUM(D47:AH47) -> 120 | AJ47: =+AI47 -> 120 | AK47: =+AJ47/AI47 -> 1
A48: 新購設備
B49: (1)1120801 | C49: 工業用電腦 | D49: 8 | E49: 8 | F49: 8 | N49: 8 | O49: 8 | R49: 8 | S49: 8 | T49: 8 | U49: 8 | V49: 8 | Y49: 8 | Z49: 8 | AA49: 8 | AB49: 8 | AC49: 8 | AI49: =SUM(D49:AH49) -> 120 | AJ49: =+AI49 -> 120 | AK49: =+AJ49/AI49 -> 1
A50: 116年03月
A51: 舊有設備-剩餘年限不等於0
B52: (1)10800015 | C52: 射出成型機 | E52: 8 | F52: 8 | G52: 8 | H52: 8 | K52: 8 | L52: 8 | M52: 8 | N52: 8 | O52: 8 | R52: 8 | S52: 8 | T52: 8 | U52: 8 | V52: 8 | Y52: 8 | Z52: 8 | AA52: 8 | AB52: 8 | AC52: 8 | AF52: 8 | AG52: 8 | AH52: 8 | AI52: =SUM(D52:AH52) -> 176 | AJ52: =+AI52 -> 176 | AK52: =+AJ52/AI52 -> 1
B53: (2)10800033 | C53: 加工機 | E53: 8 | F53: 8 | G53: 8 | H53: 8 | K53: 8 | L53: 8 | M53: 8 | N53: 8 | O53: 8 | R53: 8 | S53: 8 | T53: 8 | U53: 8 | V53: 8 | Y53: 8 | Z53: 8 | AA53: 8 | AB53: 8 | AC53: 8 | AF53: 8 | AG53: 8 | AH53: 8 | AI53: =SUM(D53:AH53) -> 176 | AJ53: =+AI53 -> 176 | AK53: =+AJ53/AI53 -> 1
A54: 新購設備
B55: (1)1120801 | C55: 工業用電腦 | E55: 8 | F55: 8 | G55: 8 | H55: 8 | K55: 8 | L55: 8 | M55: 8 | N55: 8 | O55: 8 | R55: 8 | S55: 8 | T55: 8 | U55: 8 | V55: 8 | Y55: 8 | Z55: 8 | AA55: 8 | AB55: 8 | AC55: 8 | AF55: 8 | AG55: 8 | AH55: 8 | AI55: =SUM(D55:AH55) -> 176 | AJ55: =+AI55 -> 176 | AK55: =+AJ55/AI55 -> 1
A56: 合 計 | D56: =SUM(D4:D55) -> 120 | E56: =SUM(E4:E55) -> 168 | F56: =SUM(F4:F55) -> 168 | G56: =SUM(G4:G55) -> 144 | H56: =SUM(H4:H55) -> 120 | I56: =SUM(I4:I55) -> 120 | J56: =SUM(J4:J55) -> 144 | K56: =SUM(K4:K55) -> 144 | ... AI56: =SUM(AI4:AI55) -> 4440 | AK56: =SUM(AK4:AK55) -> 27
B57: 註1.當月「正常使用時數」應與研發人員正常上班總時數一致；若設備為24小時開機者，則以24小時*當月日數，計算當月正常使用總時數。
B58: 註2.投入比率 = 投入小時的合計 (以1.00、0.80小數點兩位表示)
B59: 當月正常使用總時數
B60: 註3.每月投入比率最高為1.00。
B61: 註4.「設備名稱」應與計畫書所列相符並依上表分別填列。
B62: 註5:請填寫綠色填滿之欄位，電腦會自動編列小計。

Sheet 設備維護費
A1: 115年度金門縣「地方產業創新研發推動計畫」(地方型SBIR)
A2: 設備維護費 單位：元
A3: 財產編號 | C3: 設備名稱 | D3: 對照計畫書所列項目 | E3: 購入成本 (取得原價) | F3: 傳票日期 | G3: 傳票號碼 | H3: 發票日期 | I3: 發票編號 | J3: 發票品名 | K3: 數量 | L3: 單位 | M3: 金額 | N3: 付款憑證 | O3: 對照編號
A4: 115年07月
A6: 小計 | M6: =SUM(M5:M5) -> 0
A7: 115年08月
A9: 小計 | M9: =SUM(M8:M8) -> 0
A23: 合 計(A+B) | K23: =SUM(K4:K22) -> 0 | M23: =M6+M9 -> 0
A24: 註1：帳務查核時應備妥下列文件備查:1.發票或收據等。2.設備維修記錄表。3.若為分攤，應附分攤表及原始憑證影本。4.涉及外幣支付時應附當時之外幣匯率表。5.財產目錄(需載明設備名稱及財產編號)。6.資產負債表。
A25: 註2：設備名稱應與計畫書所列相同。
A26: 註3：營業稅不得報支。
A27: 註4：付款憑證應檢附影本(1)若開票，請填寫支票號碼。(本項需附支票影本與甲存對帳單，若無支票影本，請附支票簽收單)
A28: (2)若為零用金，請填寫「零用金」。(本項需附零用金支出證明單)
A29: (3)若為匯款，請填寫「匯款」。(本項需附匯款單)
A30: 註5：年度維修費以不超過該設備使用費之5％為限請公司自行控管。
A31: 註6：設備於保固期內不得報支維護費。
A32: 註7：應檢附傳票。
A33: 註8：以上應檢附之相關憑證應於通知帳款查核時備妥。
A34: 註9：注意所有發票/收據開立日期需於計畫期間內才可核銷。

Sheet 技術引進及委外研究費(委託對象A)
A1: 115年度金門縣「地方產業創新研發推動計畫」(地方型SBIR)
A2: 技術引進及委外研究費
A3: 1.技轉(委託)項目名稱: | E3: 2.技轉(委託)對象：
A4: 3.合約期間:115年07月01日~116年03月31日 | E4: 4.合約總額：
A5: 5.付款方式： | I5: 單位：元
A6: 付款期數 | B6: 傳票日期 | C6: 傳票號碼 | D6: 發票日期 | E6: 發票編號 | F6: 對照計畫書項目名稱 | G6: 金額 | H6: 付款憑證 | I6: 對照編號 (註6)
A7: 第1期 | B7: 1150720 | C7: 115070035 | D7: 1150720 | E7: AB12345678 | F7: 車尾角落噴嘴裝置計算流體力學模擬 | G7: 60000 | H7: 支票(支票號碼) | I7: 1
A8: 第2期 | B8: 1151105 | C8: 115110015 | D8: 1151105 | E8: AB12345689 | F8: 控制電路板設計 | G8: 60000 | H8: 匯款 | I8: 2
A9: 合 計 | G9: =SUM(G7:G8) -> 120000
A10: 註1：應檢附「技術移轉合約或委託合約」。
A11: 註2：帳務查核時應備妥下列文件備查:1.技術或智慧財產權購買費(1)技術或智慧財產權購買契約書。(2)統一發票（或收據）、或國外之INVOICE(或RECEIPT)及匯兌水單。(3)付款支票及銀行對帳單或其他支付證明。(4)涉及外幣支付時應附實際付款當時之外幣滙率表。2.委託研究費、委託設計費(1) 委託研究／設計契約書。(2)統一發票或收據。(3)付款支票及銀行對帳單或其他支付證明。(4)涉及外幣支付時應附實際付款當時之外幣滙率表。
A14: 註3：付款憑證應檢附影本(1)若開票，請填寫支票號碼。(本項需附支票影本與甲存對帳單，若無支票影本，請附支票簽收單)
A15: (2)若為零用金，請填寫「零用金」。(本項需附零用金支出證明單)
A16: (3)若為匯款，請填寫「匯款」。(本項需附匯款單)
A17: 註4：應檢附傳票，且會計科目為-研發費用。
A18: 註5：以上應檢附之相關憑證應於通知帳款查核時備妥。
A19: 註6：應檢附每筆會計憑證影本並於右上角註明'對照編號'。
A20: 註7：委託對象不同請分開，並按月填寫。
A21: 註8：技轉（委託）研究對象應與計畫書所核定者一致。
A22: 註9：營業稅不得報支。
A23: 註10：發票/收據所列之委託對象、項目及金額應與計畫書一致，不同委託對象及項目之預算金額不能流用。
A24: 註11：「付款憑證」欄位請填寫支票號碼﹐若以匯款方式支付請註明「x月x日匯款」，應於財審結案報告出具前完成支付(支票兌現)。;所有發票/收據開立日期需於計畫期間內才可核銷。

Sheet 技術引進及委外研究費(委託對象B)
A1: 115年度金門縣「地方產業創新研發推動計畫」(地方型SBIR)
A2: 技術引進及委外研究費
A3: 1.技轉(委託)項目名稱: | E3: 2.技轉(委託)對象：
A4: 3.合約期間:115年07月01日~116年03月31日 | E4: 4.合約總額：
A5: 5.付款方式： | I5: 單位：元
A6: 付款期數 | B6: 傳票日期 | C6: 傳票號碼 | D6: 發票日期 | E6: 發票編號 | F6: 對照計畫書項目名稱 | G6: 金額 | H6: 付款憑證 | I6: 對照編號 (註6)
A10: 合 計 | G10: =SUM(G7:G9) -> 0
A11: 註1：應檢附「技術移轉合約或委託合約」。
A12: 註2：帳務查核時應備妥下列文件備查:1.技術或智慧財產權購買費(1)技術或智慧財產權購買契約書。(2)統一發票（或收據）、或國外之INVOICE(或RECEIPT)及匯兌水單。(3)付款支票及銀行對帳單或其他支付證明。(4)涉及外幣支付時應附實際付款當時之外幣滙率表。2.委託研究費、委託設計費(1) 委託研究／設計契約書。(2)統一發票或收據。(3)付款支票及銀行對帳單或其他支付證明。(4)涉及外幣支付時應附實際付款當時之外幣滙率表。
A15: 註3：付款憑證應檢附影本(1)若開票，請填寫支票號碼。(本項需附支票影本與甲存對帳單，若無支票影本，請附支票簽收單)
A16: (2)若為零用金，請填寫「零用金」。(本項需附零用金支出證明單)
A17: (3)若為匯款，請填寫「匯款」。(本項需附匯款單)
A18: 註4：應檢附傳票，且會計科目為-研發費用。
A19: 註5：以上應檢附之相關憑證應於通知帳款查核時備妥。
A20: 註6：應檢附每筆會計憑證影本並於右上角註明'對照編號'。
A21: 註7：委託對象不同請分開，並按月填寫。
A22: 註8：技轉（委託）研究對象應與計畫書所核定者一致。
A23: 註9：營業稅不得報支。
A24: 註10：發票/收據所列之委託對象、項目及金額應與計畫書一致，不同委託對象及項目之預算金額不能流用。
A25: 註11：「付款憑證」欄位請填寫支票號碼﹐若以匯款方式支付請註明「x月x日匯款」，應於財審結案報告出具前完成支付(支票兌現)。;所有發票/收據開立日期需於計畫期間內才可核銷。

Sheet 附件1-人事費憑證
E10: 影本黏貼處
A11: (勞保投保單位被保險人名冊、薪資提領清冊或薪資轉帳證明)
E61: 影本黏貼處
A62: (勞保投保單位被保險人名冊、薪資提領清冊或薪資轉帳證明)
E112: 影本黏貼處
A113: (勞保投保單位被保險人名冊、薪資提領清冊或薪資轉帳證明)

Sheet 附件2- 材料費憑證
A1: 項目：材料費
A2: 編號： | B2: 0
A3: 發票(3擇1)：發票;收據;發票加領料單
A4: 影本黏貼處
A18: 付款憑證(公司)
A19: 影本黏貼處
A33: 支出傳票
A34: 影本黏貼處
A46: 註1:二聯式發票不可以核銷
A47: 註2:國外購買請提供報關單才能核銷
A48: 註3:付款若為員工代墊請補上零用金支出證明單
A49: 項目：材料費
A50: 編號： | B50: 0
A51: 發票(3擇1)：發票;收據;發票加領料單
A52: 影本黏貼處
A66: 付款憑證(公司)
A67: 影本黏貼處
A81: 支出傳票
A82: 影本黏貼處
A94: 註1:二聯式發票不可以核銷
A95: 註2:國外購買請提供報關單才能核銷
A96: 註3:付款若為員工代墊請補上零用金支出證明單
A97: 項目：材料費
A98: 編號： | B98: 0
A99: 發票(3擇1)：發票;收據;發票加領料單
A100: 影本黏貼處
A114: 付款憑證(公司)
A115: 影本黏貼處
A129: 支出傳票
A130: 影本黏貼處
A142: 註1:二聯式發票不可以核銷
A143: 註2:國外購買請提供報關單才能核銷
A144: 註3:付款若為員工代墊請補上零用金支出證明單

Sheet 附件3- 新設備或維護費憑證
A1: 項目：新設備或維護費
A2: 編號： | B2: 0
A3: 發票：發票或收據
A4: 影本黏貼處
A20: 付款憑證(公司)
A21: 影本黏貼處
A37: 支出傳票
A38: 影本黏貼處
A54: 註1:二聯式發票不可以核銷
A55: 註2:付款若為員工代墊請補上零用金支出證明單

Sheet 附件4- 技術引進及委外研究費憑證
A1: 項目：技術引進及委外研究費
A2: 編號： | B2: 0
A3: 發票：發票或收據
A4: 影本黏貼處
A17: 付款憑證(公司)
A18: 影本黏貼處
A31: 支出傳票
A32: 影本黏貼處
A43: 註1:二聯式發票不可以核銷
A44: 註2:付款若為員工代墊請補上零用金支出證明單
A45: 項目：技術引進及委外研究費
A46: 編號： | B46: 0
A47: 發票：發票或收據
A48: 影本黏貼處
A61: 付款憑證(公司)
A62: 影本黏貼處
A75: 支出傳票
A76: 影本黏貼處
A87: 註1:二聯式發票不可以核銷
A88: 註2:付款若為員工代墊請補上零用金支出證明單
A89: 項目：技術引進及委外研究費
A90: 編號： | B90: 0
A91: 發票：發票或收據
A92: 影本黏貼處
A105: 付款憑證(公司)
A106: 影本黏貼處
A119: 支出傳票
A120: 影本黏貼處
A131: 註1:二聯式發票不可以核銷
A132: 註2:付款若為員工代墊請補上零用金支出證明單

Sheet 現金支出證明單
A1: 現金支出證明單
A3: 受款人:○○股份有限公司 | F3: 日期:115年00月00日
A4: 品項 | D4: 單價 | F4: 數量 | H4: 總金額
A13: 小計
A14: 營業稅
A15: 總計
F17: 受款人簽名或蓋章:
A19: 付款人:○○股份有限公司
A23: 現金支出證明單
A25: 受款人:○○股份有限公司 | F25: 日期:115年00月00日
A26: 品項 | D26: 單價 | F26: 數量 | H26: 總金額
A35: 小計
A36: 營業稅
A37: 總計
F39: 受款人簽名或蓋章:
A41: 付款人:○○股份有限公司
A43: 現金支出證明單
A45: 受款人:○○股份有限公司 | F45: 日期:115年00月00日
A46: 品項 | D46: 單價 | F46: 數量 | H46: 總金額
A55: 小計
A56: 營業稅
A57: 總計
F59: 受款人簽名或蓋章:
A61: 付款人:○○股份有限公司
A65: 現金支出證明單
A67: 受款人:○○股份有限公司 | F67: 日期:115年00月00日
A68: 品項 | D68: 單價 | F68: 數量 | H68: 總金額
A77: 小計
A78: 營業稅
A79: 總計
F81: 受款人簽名或蓋章:
A83: 付款人:○○股份有限公司
